 Dungeon Crawl Stone Soup version 0.27.1 (webtiles) character file.

Game seed: 18044540722559888702

55 MajorAdolf the Skirmisher (level 3, -4/36 HPs)
             Began as a Naga Wanderer on Aug 22, 2021.
             Shot with an arrow by a centaur (9 damage)
             ... on level 4 of the Dungeon.
             The game lasted 00:05:34 (3514 turns).

MajorAdolf the Skirmisher (Naga Wanderer)           Turns: 3514, Time: 00:05:35

Health: -4/36      AC:  3    Str: 12    XL:     3   Next: 93%
Magic:  5/5        EV:  9    Int: 15    God:
Gold:   102        SH:  0    Dex: 10    Spells: 1/5 levels left

rFire    . . .     SeeInvis +   g - +0 dagger
rCold    . . .     Faith    .   (no shield)
rNeg     + . .     Spirit   .   e - +0 robe
rPois    +         Reflect  .   (no helmet)
rElec    .         Harm     .   j - +0 cloak
rCorr    .         Rampage  .   (no gloves)
Will     .....                  (no barding)
Stlth    ++........             (no amulet)
HPRegen  0.12/turn              n - ring of positive energy
MPRegen  0.09/turn              p - ring of wizardry

@: very slow
A: AC +1, large, see invisible, deformed body, poison resistance, slowness 2,
spit poison 1, naga tail 1
a: Spit Poison


You were on level 4 of the Dungeon.
You visited 1 branch of the dungeon, and saw 4 of its levels.

You collected 102 gold pieces.

Inventory:

Hand Weapons
 g - a +0 dagger (weapon)
Missiles
 l - 2 throwing nets
Armour
 e - a +0 robe (worn)
 j - a +0 cloak (worn)
 s - a +2 buckler
Jewellery
 n - a ring of positive energy (left hand)
 p - a ring of wizardry (right hand)
Scrolls
 a - 4 scrolls of magic mapping {unknown}
 b - a scroll of blinking
 d - 3 scrolls of teleportation
 f - a scroll of fear
 h - a scroll of identify {unknown}
 i - a scroll of enchant weapon {unknown}
 o - a scroll of vulnerability {unknown}
 q - a scroll of noise {unknown}
Potions
 c - a potion of curing
 k - 2 potions of heal wounds {unknown}
 m - a potion of attraction {unknown}
 r - a potion of flight {unknown}


   Skills:
 - Level 4.0 Fighting
 - Level 1.0 Long Blades
 - Level 1.0 Dodging
 - Level 3.6 Stealth
 + Level 0.0 Shields
 - Level 2.0 Unarmed Combat
 + Level 1.7 Spellcasting
 + Level 2.2 Ice Magic


You had one spell level left.
You knew the following spells:

 Your Spells              Type           Power      Damage    Failure   Level
a - Freeze                Ice            28%        1d5       4%          1
b - Frozen Ramparts       Ice            14%        1d3       12%         3

Your spell library contained the following spells:

 Spells                   Type           Power      Damage    Failure   Level
 Hailstorm                Conj/Ice       4%         3d4       47%         4


Dungeon Overview and Level Annotations

Branches:
Dungeon (3/15)

Altars:


Innate Abilities, Weirdness & Mutations

Your serpentine skin is tough. (AC +1)
You have supernaturally acute eyesight. (SInv)
Armour fits poorly on your strangely shaped body.
Your system is resistant to poisons. (rPois)
You cover ground very slowly.
You can spit poison.
You have a snake-like lower body.


Message History

The wall freezes the hobgoblin.
The hobgoblin hits you.
The wall freezes the hobgoblin.
You kill the hobgoblin!
The wall freezes the ball python.
The ball python seems to slow down.
The wall freezes the ball python.
You kill the ball python!
Unknown command.
You start resting.
The frozen ramparts melt away.
You start resting.
You hear a sizzling splash. x5
HP restored.
Unknown command.
Found a stone staircase leading down.
You fall into a shaft and drop 1 floor!
The shaft crumbles and collapses.
Found a stone staircase leading down.
Found a glowing buckler.
Found 13 gold pieces.
You see here a +2 buckler.
s - a +2 buckler
There is a stone staircase leading down here.
As you open the door, it creaks loudly!
A centaur comes into view.
The centaur shouts!
The centaur wields a +0 shortbow.
The centaur shoots an arrow.
The arrow hits you but does no damage.
The centaur shoots an arrow.
The arrow closely misses you.
Found a leather armour.
You start waiting.
A centaur is nearby!
The centaur shoots an arrow.
The arrow hits you!
The centaur shoots an arrow.
The arrow hits you!
You close the door.
A centaur opens the door.
The centaur shoots an arrow.
The arrow closely misses you.
The centaur shoots an arrow.
The arrow hits you!
* * * LOW HITPOINT WARNING * * *
The centaur shoots an arrow.
The arrow hits you!
You die...

...[. .....
......##+######
......#.......#
......'.......#
#.......#
#.c.....+
#.......# ...#
#...@...#....#
#.......#....
#....####..#
#....####..##
#...........#
#...........#
#...........#
#...........#
#....##...###


You could see a centaur.

Vanquished Creatures
  A worm (D:2)
  7 bats
  5 endoplasms
  A giant cockroach (D:1)
  6 goblins
  7 hobgoblins
  4 jackals (D:1)
  2 quokkas
  3 ball pythons
  4 frilled lizards
  3 kobolds (D:1)
  4 rats
47 creatures vanquished.

Vanquished Creatures (others)
  An orc warrior (D:3)
  2 adders (D:3)
  An orc (D:3)
  A ball python (D:3)
  A bat (D:3)
  A giant cockroach (D:3)
  2 kobolds (D:3)
  A rat (D:3)
10 creatures vanquished.

Grand Total: 57 creatures vanquished

Notes
Turn   | Place    | Note
-------+----------+-------------------------------------------
     0 | D:1      | MajorAdolf the Naga Wanderer began the quest for the Orb.
     0 | D:1      | MajorAdolf set off with the following items: a +0 club, a
                  | scroll of blinking, a potion of curing, a scroll of
                  | teleportation, a +0 robe, a scroll of fear, a +0 dagger
     0 | D:1      | Reached XP level 1. HP: 22/22 MP: 1/1
   527 | D:1      | Found a faded altar of an unknown god.
   672 | D:1      | Reached XP level 2. HP: 30/30 MP: 3/3
   675 | D:1      | Learned a level 1 spell: Freeze
   700 | D:1      | Reached skill level 1 in Spellcasting
  1557 | D:1      | Reached XP level 3. HP: 36/36 MP: 2/5
  1637 | D:1      | Reached skill level 1 in Ice Magic
  1844 | D:1      | Learned a level 3 spell: Frozen Ramparts
  3422 | D:3      | Killed an orc warrior
  3481 | D:3      | You fall into a shaft and drop 1 floor!
  3507 | D:4      | Noticed a centaur
  3514 | D:4      | Shot with an arrow by a centaur

Illustrated notes

Levels and vault maps discovered:
D:1:      mrwooster_arrival_statue, layout_loops_corners,
          chequers_ecumenical_altar_island
D:2:      layout_rooms
D:3:      kennysheep_goblin_castle, layout_loops_ring, xom_confusion_cloud,
          elyvilon_altar_5, cheibrodos_gnoll_hut
D:4:      layout_gridville, kennysheep_generic_room_14

Skill      XL: |  1  2  3 |
---------------+----------+-----
Spellcasting   | 1 |  1.7
Ice Magic      | 2 |  2.2
Fighting       | |  4.0
Long Blades    | |  1.0
Dodging        | |  1.0
Stealth        | |  3.6
Unarmed Combat | |  2.0

Action                   || total
-------------------------++-------
Melee: Club              ||    14
       Dagger            ||    55
 Cast: Freeze            ||    27
       Frozen Ramparts   ||     5
 Abil: Spit Poison       ||    25
 Stab: Sleeping          ||     1
Armor: Robe              ||    44
Dodge: Dodged            ||    64
